AoeStats
← simbirbey

Arena

507813087Analyzed
4v4 RM · 11d ago on Sep 19, 2026· 50m 23s· 8 players
Game mode
Random Map
Map size
Large (8 player)
Population
200
Speed
Normal
Resources
Standard
Victory
Conquest
Starting age
Dark Age
Ending age
Imperial Age
RankedLock teamsTeams togetherTeam positionsShared explorationLock speedFull tech treeHidden civsTurbo modeCheats
Victory
Defeat
🇦🇺 Italians · Australia
891
+15
🇺🇸 Burgundians · United States
861
+16
🇨🇿 Goths · Czechia
814
+18
🇹🇷 Ethiopians · Türkiye
788
+20
🇹🇷 Aztecs · Türkiye
906
-18
🇪🇸 Vietnamese · Spain
879
-18
🇩🇪 Franks · Germany
856
-17
🇹🇷 Byzantines · Türkiye
828
-16
BLONDYN
0:51 Loom
11:25 Feudal Age
12:10 Double-Bit Axe
14:46 Gold Mining
19:18 Castle Age
17:45 Stone Mining
20:17 Bow Saw
20:56 Gold Shaft Mining
20:13 Pikeman
21:56 Caravan
24:23 Squires
25:12 Forging
25:03 Scale Mail Armor
27:27 Iron Casting
26:45 Fletching
28:05 Wheelbarrow
32:19 Imperial Age
30:14 Ballistics
30:36 Husbandry
31:33 Arson
32:10 Hand Cart
31:49 Town Watch
32:18 Masonry
32:28 Scale Barding Armor
32:37 Cavalier
33:21 Chivalry
34:21 Town Patrol
34:19 Murder Holes
34:32 Bodkin Arrow
35:12 Fortified Wall
38:25 Blast Furnace
37:46 Chain Barding Armor
37:42 Chain Mail Armor
38:31 Conscription
38:53 #83
41:36 Hoardings
41:56 Elite Throwing Axeman
43:55 Halberdier
46:33 Plate Barding Armor
46:14 Chain Mail Armor
47:22 Chain Mail Armor
caglacula
4:44 Loom
12:18 Feudal Age
19:31 Castle Age
17:03 Man-at-Arms
18:17 Double-Bit Axe
18:21 Horse Collar
21:33 Bow Saw
21:25 Heavy Plow
28:39 Gold Mining
28:40 Stone Mining
29:01 Forging
28:53 Scale Mail Armor
29:16 Ballistics
29:33 Fletching
30:23 Iron Casting
30:02 Eagle Warrior
31:01 Chain Mail Armor
35:10 Imperial Age
35:47 Elite Eagle Warrior
39:22 Chemistry
39:24 Blast Furnace
38:55 Plate Mail Armor
38:49 Elite Jaguar Warrior
38:58 Elite Skirmisher
40:08 Bodkin Arrow
40:15 Padded Archer Armor
42:30 Imperial Skirmisher
DaviidWolf
12:05 Feudal Age
16:34 Castle Age
17:59 Wheelbarrow
18:12 Double-Bit Axe
18:10 Horse Collar
20:45 Bow Saw
23:31 Pikeman
24:23 Heavy Plow
25:34 Forging
25:27 Scale Mail Armor
27:53 Hand Cart
27:33 Town Watch
30:30 Imperial Age
28:10 Squires
29:22 Man-at-Arms
30:40 Town Patrol
30:35 Halberdier
33:06 Iron Casting
32:25 Long Swordsman
33:25 Chain Mail Armor
33:26 Gold Mining
33:43 Two-Handed Swordsman
34:09 Arson
34:29 Champion
35:44 Plate Mail Armor
36:49 Fortified Wall
simbirbey
14:13 Feudal Age
13:05 Loom
16:22 Wheelbarrow
20:06 Castle Age
19:46 Stone Mining
19:49 Double-Bit Axe
19:50 Horse Collar
25:37 Wheelbarrow
26:09 Squires
28:19 Heavy Plow
28:33 Bow Saw
29:05 Wheelbarrow
28:45 Gold Mining
29:12 Squires
30:38 Forging
30:33 Scale Barding Armor
33:08 Imperial Age
32:45 Gold Shaft Mining
32:58 Husbandry
32:21 Pikeman
36:01 Crop Rotation
36:37 Murder Holes
41:12 Chain Barding Armor
41:28 Iron Casting
44:10 Hand Cart
45:03 Two-Man Saw
43:36 Halberdier
45:28 Plate Barding Armor
44:55 Scale Mail Armor
Kevatafl
6:08 Double-Bit Axe
10:40 Horse Collar
13:22 Feudal Age
15:38 Bow Saw
15:43 Scale Barding Armor
17:57 Castle Age
15:53 Gold Mining
16:30 Heavy Plow
17:38 Gold Shaft Mining
18:08 Forging
18:00 Cavalier
18:41 Husbandry
20:09 Wheelbarrow
21:40 Hand Cart
24:45 Town Watch
26:13 Two-Man Saw
26:47 Loom
28:36 Stone Mining
31:27 Stone Shaft Mining
32:07 Chain Barding Armor
32:23 Iron Casting
31:54 Town Patrol
32:07 Fortified Wall
32:07 Masonry
35:12 Imperial Age
34:46 Burgundian Vineyards
34:28 Treadmill Crane
37:20 Conscription
36:46 Paladin
44:38 Chemistry
45:44 Plate Barding Armor
49:41 Blast Furnace
50:12 Fletching
50:20 Herbal Medicine
madness
12:33 Feudal Age
13:20 Double-Bit Axe
16:10 Castle Age
15:12 Wheelbarrow
14:20 Horse Collar
23:06 Stone Mining
24:31 Bow Saw
26:19 Forging
26:09 Scale Mail Armor
26:42 Hand Cart
26:20 Loom
29:24 Iron Casting
29:04 Chain Mail Armor
28:41 Gold Mining
28:38 Town Watch
32:25 Imperial Age
29:56 Heavy Plow
30:37 Anarchy
31:12 Town Patrol
33:11 Perfusion
32:31 Elite Huskarl
34:38 Blast Furnace
35:09 Conscription
35:48 Pikeman
36:30 Squires
36:15 Man-at-Arms
36:36 Pikeman
37:16 Squires
38:44 Two-Man Saw
37:47 Halberdier
43:49 Crop Rotation
43:00 Man-at-Arms
45:00 Long Swordsman
48:25 Two-Handed Swordsman
jd58424
10:14 Feudal Age
11:12 Loom
14:50 Castle Age
13:12 Horse Collar
14:19 Double-Bit Axe
14:34 Gold Mining
28:33 Imperial Age
28:37 Ballistics
28:37 Heavy Plow
28:25 Town Watch
29:20 Wheelbarrow
30:20 Chemistry
29:32 Fortified Wall
34:53 Light Cavalry
35:43 Bloodlines
35:34 Husbandry
37:07 Hussar
38:28 Bow Saw
38:35 Hand Cart
44:19 Elite Genoese Crossbowman
45:13 Pirotechnia
46:27 Fletching
46:37 Padded Archer Armor
46:48 Forging
46:38 Scale Mail Armor
46:44 Scale Barding Armor
cmblqn
5:35 Loom
13:06 Feudal Age
15:19 Wheelbarrow
18:49 Castle Age
17:12 Double-Bit Axe
18:35 Stone Mining
19:35 Gold Mining
20:58 Bow Saw
20:32 Horse Collar
23:21 Crossbowman
27:34 Thumb Ring
28:55 Hand Cart
31:12 Imperial Age
29:10 Town Watch
29:45 Heavy Plow
29:42 Fletching
29:52 Padded Archer Armor
31:21 Gold Shaft Mining
31:18 Bodkin Arrow
32:09 Stone Shaft Mining
31:59 Masonry
33:04 Two-Man Saw
32:34 Leather Archer Armor
32:44 Arbalester
34:17 Ballistics
35:14 Chemistry
35:08 Murder Holes
35:55 Ring Archer Armor
35:28 Bracer
36:37 Royal Heirs
42:52 Caravan
43:24 Coinage
43:13 Guilds
43:15 Forging
43:11 Scale Barding Armor
44:11 Husbandry
43:32 Heavy Camel Rider
45:09 Banking
46:58 Chain Barding Armor
47:14 Iron Casting
49:55 Torsion Engines
49:40 Capped Ram
49:42 Onager
49:45 Heavy Scorpion
51:46 Blast Furnace
Connection lost

Rejoining the realm…

Still unreachable

The connection could not be restored.

Session expired

The server has moved on; the page needs a fresh start.